 Dungeon Crawl Stone Soup version 0.31-a0-355-g57cb03d3e8 (webtiles) character file.

Game seed: 3904620032598466628

889 bobarctor the Ruffian (level 7, -4/67 HPs)
             Began as a Troll Berserker on July 24, 2023.
             Was a Priest of Trog.
             Slain by an orc warrior
             ... wielding a +0 halberd
              (20 damage)
             ... on level 5 of the Dungeon.
             The game lasted 00:11:20 (3007 turns).

bobarctor the Ruffian (Troll Berserker)             Turns: 3007, Time: 00:11:20

Health: -4/67      AC:  4    Str: 26    XL:     7   Next: 77%
Magic:  6/6        EV: 10    Int:  3    God:    Trog [***...]
Gold:   296        SH:  5    Dex: 11    Spells: 6/6 levels left

rFire   . .          .
                       - Unarmed
rCold   . . .        (no shield)
rNeg    . . .        a - +0 animal skin
rPois   .            t - melded +1 hat
rElec   .            (cloak currently unavailable)
rCorr   .            (gloves unavailable)
SInv    .            (boots unavailable)
Will    ++...        j - amulet of reflection
Stlth   +            (no ring)
HPRegen 2.11/turn    (no ring)
MPRegen 0.10/turn

%: reflection
@: beast-form, strong-willed, on berserk cooldown, regenerating, slowed, very
slow
A: beast (slay +3), large, unfitting armour, claws 3, regeneration 1, shaggy fur
1, tough skin 1
a: Begin Untransformation, Renounce Religion, Berserk, Trog's Hand


You were on level 5 of the Dungeon.
You worshipped Trog.
Trog was most pleased with you.
You were a hulking beast.
You visited 2 branches of the dungeon, and saw 6 of its levels.

You collected 296 gold pieces.

Inventory:

Missiles
 b - 62 stones
 i - 4 poisoned darts (quivered)
 x - 2 boomerangs
Armour
 a - a +0 animal skin (worn)
 t - a +1 hat (melded)
Jewellery
 j - an amulet of reflection (around neck)
Talismans
 e - a beast talisman
 o - a maw talisman
Scrolls
 c - 6 scrolls of identify {unknown}
 d - a scroll of fear {unknown}
 g - 2 scrolls of revelation {unknown}
 h - a scroll of summoning {unknown}
 m - 2 scrolls of poison {unknown}
 s - 2 scrolls of noise {unknown}
 u - 5 scrolls of teleportation {unknown}
 v - 3 scrolls of amnesia {unknown}
 w - a scroll of brand weapon {unknown}
 y - a scroll of enchant armour {unknown}
Potions
 k - a potion of attraction {unknown}
 l - a potion of invisibility {unknown}
 q - a potion of might {unknown}
 r - a potion of cancellation {unknown}


   Skills:
 + Level 3.2 Fighting
 + Level 3.6 Dodging
 + Level 6.3 Unarmed Combat
 * Level 4.3 Shapeshifting


You had 6 spell levels left.
You didn't know any spells.
Your spell library was empty.

Dungeon Overview and Level Annotations

Branches:
Dungeon (5/15)             Temple (1/1) D:5

Altars:
Cheibriados
Dithmenos
Elyvilon
Gozag
Hepliaklqana
Kikubaaqudgha
Makhleb
Nemelex Xobeh
Okawaru
Qazlal
Ru
Sif Muna
Vehumet
Wu Jian
Xom
Zin


Innate Abilities, Weirdness & Mutations

You are a hulking beast.
Your limbs bulge with bestial killing power. (Slay +3)
You are too large for most types of armour.
You have claws for hands.
Your natural rate of healing is unusually fast.
You are covered in fur. (AC +1)
You have tough skin. (AC +1)


Message History

You feel yourself slow down.
You completely miss the orc. You claw the orc.
The orc is heavily wounded.
The orc closely misses you.
You barely miss the orc.
The orc is heavily wounded.
The orc completely misses you. The orc attacks as you move away!
The orc hits you with a +0 falchion. The orc hits you with a +3 war axe!
The orc attacks as you move away! The orc hits you with a +0 falchion.
Your skin stops crawling.
You feel less strong-willed.
The orc wizard gestures wildly while chanting.
The orc wizard flickers and vanishes!
The orc hits you with a +0 falchion. The orc hits you with a +3 war axe!
You block the orc's attack.
Okay, then.
You barely miss something.
The orc wizard casts a spell.
The orc wizard flickers and vanishes!
You miss something.
You hear some strange, mumbled words.
A puff of flame appears from out of thin air!
The puff of flame hits you!
You barely miss something. Something hits you. x2
You barely miss something. Something completely misses you.
The orc warrior barely misses you.
You mangle something!! Trog accepts your kill.
Trog appreciates your killing of a magic user.
Reactivating autopickup.
You feel a bit more experienced.
The orc warrior hits you from afar with a +0 halberd!
Your skin crawls.
You feel strong-willed.
The orc warrior hits you from afar with a +0 halberd!!
* * * LOW HITPOINT WARNING * * *
The orc warrior hits you with a +0 halberd.
* * * LOW HITPOINT WARNING * * *
The orc warrior hits you with a +0 halberd!!
You die...

####....................#........
##................#...#.###......
#..###...##..#....#.###...#......
#.######............#####.#......
......##.........)...............
.................##..............
......#############..............
.....###≈#########...............
....##≈≈≈≈≈##...ho{o.............
...##≈≈≈≈≈≈≈######.o..###########
...#≈≈....≈≈≈# #.o..# ##o..
..##≈.####~~≈#####....##8oo8o
..#≈≈##..##8.8.8##...)#.o{o..
..#≈≈#_..['....).[....)o.ooo.
###≈≈##..##8.8.8####..#o.o...
##≈.####~~≈#### #####8o.8.
#≈≈....≈≈≈# ##...


You could see an orc warrior and 5 orcs.

Vanquished Creatures
  Sigmund (D:2)
  An orc warrior (D:5)
  An ice beast (D:5)
  A phantom (D:5)
  A scorpion (D:5)
  3 hounds (D:5)
  A jelly (D:5)
  3 orc wizards (D:5)
  3 gnolls (D:2)
  7 adders
  2 white imps (D:5)
  An ufetubus (D:5)
  A worm (D:4)
  A dart slug (D:3)
  10 orcs
  6 bats
  3 endoplasms
  A giant cockroach (D:1)
  13 goblins
  4 hobgoblins
  4 jackals
  5 kobolds
  4 quokkas
  8 ball pythons
  5 frilled lizards
  5 rats (D:2)
95 creatures vanquished.

Notes
Turn   | Place    | Note
-------+----------+-------------------------------------------
     0 | D:1      | bobarctor the Troll Berserker began the quest for the Orb.
     0 | D:1      | Reached XP level 1. HP: 22/22 MP: 0/0
    99 | D:1      | Found a faded altar of an unknown god.
   150 | D:1      | Reached XP level 2. HP: 29/29 MP: 1/1
   775 | D:2      | Reached ** piety under Trog
   776 | D:2      | Reached XP level 3. HP: 36/36 MP: 2/2
   965 | D:2      | Reached skill level 1 in Shapeshifting
   965 | D:2      | Reached XP level 4. HP: 21/44 MP: 3/3
   974 | D:2      | Reached skill level 4 in Unarmed Combat
  1116 | D:2      | Noticed Sigmund
  1128 | D:2      | Killed Sigmund
  1129 | D:2      | Reached XP level 5. HP: 53/53 MP: 4/4
  1554 | D:3      | Reached XP level 6. HP: 61/61 MP: 5/5
  2118 | D:4      | Found a burning altar of Makhleb.
  2512 | D:5      | Entered Level 5 of the Dungeon
  2518 | D:5      | Reached skill level 5 in Unarmed Combat
  2607 | D:5      | Found a runed translucent door.
  2612 | D:5      | Noticed an ice beast
  2621 | D:5      | Found a shimmering blue altar of Sif Muna.
  2711 | D:5      | Reached *** piety under Trog
  2712 | D:5      | Reached XP level 7. HP: 65/67 MP: 6/6
  2826 | D:5      | Found a staircase to the Ecumenical Temple.
  2836 | Temple   | Entered the Ecumenical Temple
  2970 | D:5      | Reached skill level 6 in Unarmed Combat
  3007 | D:5      | Slain by an orc warrior

Illustrated notes

Levels and vault maps discovered:
D:1:      minmay_arrival_checkered_box, layout_loops_ring,
          nicolae_ecumenical_lake_church, solitary_fountain
D:2:      layout_basic, minmay_randomly_rotated_circles, uniq_sigmund
D:3:      layout_rooms
D:4:      layout_rooms, lightli_temple_of_fire, minmay_misc_feat_square
D:5:      layout_rooms, kennysheep_orc_sif_temple,
          minmay_temple_entry_gardened_gates, lightli_church_of_beogh
Temple:   eino_temple_lava

Skill      XL: |  1  2  3  4  5  6  7 |
---------------+----------------------+-----
Shapeshifting  | 1 2 3 4 |  4.3
Unarmed Combat | 4 5 6 |  6.3
Dodging        | 3 |  3.6
Fighting       | 3 |  3.2

Action                     |  1- 3 |  4- 6 |  7- 9 || total
---------------------------+-------+-------+-------++-------
  Melee: Unarmed           |    94 |   100 |    37 ||   231
         Punch             |     1 |     2 |     4 ||     7
 Invoke: Berserk           |     1 |     1 |     1 ||     3
         Trog's Hand       |     1 |       |     2 ||     3
   Stab: Sleeping          |       |     1 |       ||     1
 Armour: Animal skin       |    37 |    26 |     6 ||    69
  Dodge: Dodged            |    43 |    46 |    16 ||   105
  Block: Other             |       |       |     1 ||     1
   Form: Beast             |     1 |     1 |       ||     2
                           |       |     1 |       ||     1

Table legend: (Time is in decaauts)
 A = Elapsed time spent in this place.
 B = Non-inter-level travel time spent in this place.
 C = Inter-level travel time spent in this place.
 D = Time resting spent in this place.
 E = Time spent auto-exploring this place.
 F = Levels seen in this place.
 G = Mean time per level.
                   A        B        C        D        E       F      G
               +--------+--------+--------+--------+--------+-----+--------+
         Total |   3007 |   2933 |     74 |     47 |   2195 |   6 |  501.2 |
       Dungeon |   2996 |   2922 |     74 |     47 |   2195 |   5 |  599.2 |
        Temple |     11 |     11 |      0 |      0 |      0 |   1 |   11.0 |
               +--------+--------+--------+--------+--------+-----+--------+

Top non-repeatable levels by time:
     D:2: 840 daAuts
     D:1: 716 daAuts
     D:4: 525 daAuts
     D:5: 477 daAuts
     D:3: 435 daAuts
  Temple: 11 daAuts
